 Dungeon Crawl Stone Soup version 0.20-a0-972-gb9bd3e6 (webtiles) character file.

21737 SisHuli the Fighter (level 12, -6/114 HPs)
             Began as a Demigod Gladiator on Apr 9, 2017.
             Mangled by a troll (10 damage)
             ... on level 13 of the Dungeon.
             The game lasted 01:02:12 (19475 turns).

SisHuli the Fighter (Demigod Gladiator)            Turns: 19475, Time: 01:02:13

Health: -6/114     AC: 11    Str: 17    XL:     12   Next: 26%
Magic:  27/27      EV: 16    Int: 14    God:
Gold:   429        SH:  0    Dex: 23    Spells: 17/26 levels left

rFire    + . .     SeeInvis .   n - +0 scimitar (flame)
rCold    + . .     Gourm    .   (no shield)
rNeg     . . .     Faith    .   W - +1 robe {Archmagi}
rPois    +         Spirit   .   c - +0 helmet
rElec    .         Reflect  .   X - +0 cloak of Yssuyj {rF++}
rCorr    +         Harm     .   (no gloves)
MR       +....                  G - +0 pair of boots
Stlth    ++........             (no amulet)
Regen    0.3/turn               m - ring of ice
MPRegen  0.2/turn               V - ring of resist corrosion

@: hasted and slowed, drained
A: icy blue scales 1, yellow scales 1, high mp 1, sense surroundings 1, poison
resistance, robust 1
a: no special abilities


You were on level 13 of the Dungeon.
You were not hungry.

You visited 1 branch of the dungeon, and saw 13 of its levels.

You collected 893 gold pieces.
You spent 464 gold pieces at shops.

Inventory:

Hand Weapons
 a - a +0 long sword
 n - a +0 scimitar of flaming (weapon)
 C - a +1 falchion of slicing
 Z - a +0 blowgun
Missiles
 d - 2 throwing nets
 g - 268 stones
 o - 49 poisoned needles
 p - 8 tomahawks of returning
 t - 14 tomahawks (quivered)
 F - a javelin
 I - 165 arrows
Armour
 c - a +0 helmet (worn)
 G - a +0 pair of boots (worn)
 T - a +2 ring mail of fire resistance
 W - a +1 robe of the Archmagi (worn)
 X - the +0 cloak of Yssuyj (worn) {rF++}
   (You bought it in a shop on level 10 of the Dungeon)

   It greatly protects you from fire.
Jewellery
 m - a ring of ice (left hand)
 O - an uncursed ring of flight
 V - a ring of resist corrosion (right hand)
Wands
 b - a wand of iceblast (12/15)
 H - a wand of polymorph (10/24)
 S - a wand of confusion (19/48)
 U - a wand of flame (15/48)
Scrolls
 e - 5 scrolls of remove curse
 i - a scroll of amnesia {unknown}
 j - 2 scrolls of fear {unknown}
 k - 2 scrolls of teleportation
 q - a scroll of random uselessness {unknown}
 r - 2 scrolls of magic mapping
 s - a scroll of noise {unknown}
 w - a scroll of brand weapon {unknown}
 y - 2 scrolls of enchant weapon
 z - 2 scrolls of recharging
 P - 3 scrolls of immolation {unknown}
 R - 4 scrolls of blinking {unknown}
Potions
 h - 2 potions of curing
 l - 2 potions of magic {unknown}
 B - 3 potions of ambrosia
 D - 3 potions of mutation
 E - 2 potions of might {unknown}
 J - 4 potions of lignification
 K - a potion of degeneration {unknown}
 L - 2 potions of flight
 M - a potion of agility {unknown}
Books
 u - a book of Geomancy

   Spells                             Type                      Level
   a - Sandblast                      Earth                        1
   b - Passwall                       Transmutation/Earth          2
   c - Stone Arrow                    Conjuration/Earth            3
   d - Petrify                        Transmutation/Earth          4
   e - Lee's Rapid Deconstruction     Earth                        5
 A - a book of Changes

   Spells                             Type                      Level
   a - Beastly Appendage              Transmutation                1
   b - Sticks to Snakes               Transmutation                2
   c - Spider Form                    Transmutation/Poison         3
   d - Ice Form                       Ice/Transmutation            4
   e - Blade Hands                    Transmutation                5
 N - the Disquisition on Flames and Weightlessness
   (You found it on level 8 of the Dungeon)

   Spells                             Type                      Level
   a - Flame Tongue                   Conjuration/Fire             1
   b - Shock                          Conjuration/Air              1
   c - Swiftness                      Charms/Air                   2
   d - Poisonous Vapours              Poison/Air                   2
   e - Conjure Ball Lightning         Conjuration/Air              6
   f - Ignition                       Fire                         8
Comestibles
 f - 5 bread rations
 v - 3 meat rations
 Q - 2 fruits
 Y - 5 royal jellies


   Skills:
 - Level 9.3(9.0) Fighting
 - Level 8.2(7.8) Long Blades
 - Level 1.7(1.4) Throwing
 - Level 6.0(5.7) Armour
 - Level 5.6(5.3) Dodging
 - Level 7.5(7.2) Spellcasting
 + Level 2.5(2.2) Summonings
 - Level 9.2(8.8) Air Magic
 - Level 3.1(2.8) Poison Magic
 - Level 1.9(1.6) Evocations


You had 17 spell levels left.
You knew the following spells:

 Your Spells              Type           Power        Failure   Level  Hunger
a - Shock                 Conj/Air       ####         2%          1    None
b - Poisonous Vapours     Pois/Air       ####..       1%          2    None
c - Swiftness             Chrm/Air       ####....     3%          2    None
d - Sticks to Snakes      Tmut           #.......     24%         2    None
e - Apportation           Tloc           #.....       17%         1    None
f - Summon Butterflies    Summ           ###.....     6%          1    None


Dungeon Overview and Level Annotations

Branches:
Dungeon (13/15)            Temple (0/1) D:7            Lair (0/6) D:11
    Orc (0/2) D:9
 Vaults: D:13-14

Shops:
D:10 [

Portals:
Trove: D:12 (give +6 demon trident)

Annotations:
D:8 Asagix's ghost, novice MiBe
D:11 exclusion: door


Innate Abilities, Weirdness & Mutations

You have an increased reservoir of magic. (+10% MP)
You are partially covered in icy blue scales. (AC +2)
You are partially covered in yellow scales. (AC +2)
You passively map a small area around you.
Your system is resistant to poisons. (rPois)
You are robust. (+10% HP)


Message History

A kobold comes into view.
The troll bites you.
* * * LOW HITPOINT WARNING * * *
The troll barely misses you. The troll claws you.
* * * LOW HITPOINT WARNING * * *
Okay, then.
The troll bites you but does no damage. The troll barely misses you. x2
Okay, then.
You feel better. The troll bites you.
* * * LOW HITPOINT WARNING * * *
The troll claws you but does no damage. The troll claws you!
* * * LOW HITPOINT WARNING * * *
The wight barely misses you.
Okay, then.
You feel yourself speed up.
The kobold shouts!
The troll bites you!
* * * LOW HITPOINT WARNING * * *
The troll claws you but does no damage. The troll claws you!
You die...

, .......* * * ,
K...K...# , *
,........# *
*.........# , # * *
#.........# ,.# ,
#.........####..### ,
, #........?z........
#.........T@.......,
####.........####..###
, , ............# # ,
, ............# , , *
#$........# *
#.........#
#.........# * *
#####.........# , *
.....?........####.,*


You could see a troll, a wight and a kobold.

Vanquished Creatures
  Fannar (D:11)
  2 hydras
  Erica (D:9)
  A death knight (D:12)
  4 two-headed ogres (D:12)
  A tengu warrior (D:10)
  Pikel (D:11)
  A wolf spider zombie (D:12)
  3 ugly things (D:11)
  A centaur skeleton (D:11)
  A komodo dragon (D:11)
  A meliai (shapeshifter) (D:13)
  3 trolls
  A hornet (D:10)
  3 hippogriffs
  18 yaks
  3 wyverns (D:11)
  A basilisk (D:11)
  Eustachio (D:5)
  3 hungry ghosts
  A steam dragon (D:11)
  A soldier ant (D:10)
  8 orc warriors
  5 sky beasts
  4 slaves (D:6)
  3 ice beasts (D:12)
  3 black bears
  A porcupine (D:11)
  2 ogres
  7 centaurs
  4 phantoms
  A wolf (D:11)
  3 big kobolds
  A crocodile (D:11)
  10 bullfrogs
  A wyvern skeleton (D:12)
  5 scorpions
  13 killer bees
  9 howler monkeys
  4 crimson imps
  2 jellies
  3 bullfrog zombies
  5 hounds
  A gnoll shaman (D:4)
  2 centaur zombies
  13 orc priests
  A bullfrog skeleton (D:11)
  5 iguanas
  11 orc wizards
  9 worker ants
  A hound zombie (D:9)
  A hound skeleton (D:11)
  A howler monkey zombie (D:7)
  2 worker ant zombies
  8 gnolls
  12 adders
  A howler monkey skeleton (D:6)
  A shadow imp (D:7)
  An adder zombie (D:6)
  A worm (D:2)
  3 dart slugs
  4 leopard geckos
  56 orcs
  2 ball pythons
  10 bats
  4 giant cockroaches
  2 goblins (D:1)
  8 hobgoblins
  2 jackals (D:10)
  6 quokkas
  6 frilled lizards
  A jackal skeleton (D:7)
  18 kobolds
  A leopard gecko skeleton (D:7)
  A quokka skeleton (D:6)
  8 rats
350 creatures vanquished.

Notes
Turn   | Place    | Note
-------+----------+-------------------------------------------
     0 | D:1      | SisHuli the Demigod Gladiator began the quest for the Orb.
     0 | D:1      | Reached XP level 1. HP: 17/17 MP: 3/3
   377 | D:1      | Reached XP level 2. HP: 24/24 MP: 4/4
  1127 | D:2      | Reached XP level 3. HP: 29/29 MP: 5/5
  1565 | D:2      | Found a shimmering altar of Xom.
  1566 | D:2      | Found a shimmering altar of Xom.
  1571 | D:2      | Found a shimmering altar of Xom.
  1571 | D:2      | Found a shimmering altar of Xom.
  1571 | D:2      | Found a shimmering altar of Xom.
  1573 | D:2      | Found a shimmering altar of Xom.
  1573 | D:2      | Found a shimmering altar of Xom.
  1871 | D:3      | Reached XP level 4. HP: 31/36 MP: 6/6
  2187 | D:3      | Reached skill level 5 in Long Blades
  2836 | D:3      | Found a shadowy altar of Dithmenos.
  3098 | D:4      | Reached XP level 5. HP: 40/41 MP: 7/7
  3436 | D:4      | Found a shattered altar of Ashenzari.
  3550 | D:4      | Found a white marble altar of Elyvilon.
  3764 | D:5      | Entered Level 5 of the Dungeon
  3849 | D:5      | Noticed a centaur
  3865 | D:5      | Killed a centaur
  4485 | D:5      | Reached XP level 6. HP: 48/48 MP: 8/8
  5335 | D:5      | Found a sacrificial altar of Ru.
  5337 | D:5      | Found a glowing golden altar of the Shining One.
  5339 | D:5      | Found a sparkling altar of Nemelex Xobeh.
  5436 | D:6      | Noticed Eustachio
  5453 | D:5      | Killed Eustachio
  5453 | D:5      | Reached XP level 7. HP: 46/53 MP: 9/9
  6953 | D:7      | Reached XP level 8. HP: 39/66 MP: 10/10
  7529 | D:7      | Identified a scroll of acquirement
  7561 | D:7      | Reached skill level 5 in Fighting
  7578 | D:7      | Found a staircase to the Ecumenical Temple.
  7680 | D:7      | Found an ornate altar of the Wu Jian Council.
  7859 | D:7      | Found a stormy altar of Qazlal.
  8216 | D:7      | Found a bloodstained altar of Trog.
  8375 | D:8      | Noticed Asagix's ghost (novice MiBe)
  8404 | D:7      | Noticed a hippogriff
  8424 | D:7      | Killed a hippogriff
  9085 | D:8      | Reached skill level 1 in Armour
  9202 | D:7      | Reached XP level 9. HP: 75/79 MP: 11/11
  9205 | D:7      | Gained mutation: Your body sometimes deteriorates upon taking damage. [mutagenic meat]
  9206 | D:7      | Gained mutation: You are partially covered in yellow scales. (AC +2) [mutagenic meat]
  9207 | D:7      | Gained mutation: You passively map a small area around you. [mutagenic meat]
  9208 | D:7      | Gained mutation: You are partially covered in icy blue scales. (AC +2) [mutagenic meat]
  9558 | D:8      | Found a deep blue altar of Sif Muna.
  9573 | D:8      | Identified the Disquisition on Flames and Weightlessness
  9923 | D:8      | Reached skill level 5 in Dodging
 10221 | D:9      | Reached skill level 1 in Evocations
 10229 | D:9      | Found a shadowy altar of Dithmenos.
 10252 | D:9      | Learned a level 1 spell: Shock
 10285 | D:9      | Noticed Erica
 10366 | D:8      | Reached skill level 1 in Air Magic
 10713 | D:9      | Killed Erica
 11193 | D:9      | Learned a level 2 spell: Poisonous Vapours
 11196 | D:9      | Learned a level 2 spell: Swiftness
 11209 | D:9      | Found a radiant altar of Vehumet.
 11310 | D:9      | Reached skill level 1 in Poison Magic
 11419 | D:9      | Reached XP level 10. HP: 82/86 MP: 3/14
 11704 | D:8      | Reached skill level 1 in Spellcasting
 12234 | D:9      | Found a staircase to the Orcish Mines.
 12359 | D:9      | Found a shimmering altar of Xom.
 12473 | D:10     | Entered Level 10 of the Dungeon
 12537 | D:10     | Learned a level 2 spell: Sticks to Snakes
 12542 | D:10     | Found Daddov's Armour Emporium.
 12545 | D:10     | Bought the +0 cloak of Yssuyj {rF++} for 464 gold pieces
 13254 | D:10     | Reached skill level 5 in Spellcasting
 13725 | D:10     | Reached skill level 5 in Armour
 14585 | D:11     | Noticed Pikel
 14626 | D:11     | Killed Pikel
 14672 | D:11     | Noticed Fannar
 14718 | D:11     | Killed Fannar
 14956 | D:11     | Noticed a cyan ugly thing
 15004 | D:11     | Killed a cyan ugly thing
 15004 | D:11     | Reached XP level 11. HP: 22/95 MP: 18/23
 15982 | D:11     | Reached skill level 5 in Air Magic
 16376 | D:11     | Noticed a five-headed hydra
 16466 | D:11     | Gained mutation: Your system is resistant to poisons. (rPois) [mutagenic meat]
 16467 | D:11     | Gained mutation: You tend to lose your temper in combat. [mutagenic meat]
 16468 | D:11     | Lost mutation: You passively map a small area around you. [mutagenic meat]
 16494 | D:11     | Lost mutation: Your body sometimes deteriorates upon taking damage. [potion of mutation]
 16494 | D:11     | Lost mutation: You tend to lose your temper in combat. [potion of mutation]
 16494 | D:11     | Gained mutation: You passively map a small area around you. [potion of mutation]
 16494 | D:11     | Gained mutation: You are robust. (+10% HP) [potion of mutation]
 16825 | D:11     | Killed a one-headed hydra
 17427 | D:11     | Noticed a tengu warrior
 17463 | D:10     | Killed a tengu warrior
 17958 | D:11     | Found a staircase to the Lair.
 18617 | D:12     | Noticed a two-headed ogre
 18634 | D:12     | Killed a two-headed ogre
 18688 | D:12     | Noticed a two-headed ogre
 18721 | D:12     | Killed a two-headed ogre
 18845 | D:12     | Noticed a death knight
 18898 | D:12     | Killed a death knight
 18898 | D:12     | Reached XP level 12. HP: 107/114 MP: 14/25
 18955 | D:12     | Found a portal to a secret trove of treasure.
 19363 | D:13     | Learned a level 1 spell: Apportation
 19365 | D:13     | Learned a level 1 spell: Summon Butterflies
 19418 | D:13     | Reached skill level 1 in Summonings
 19442 | D:13     | Noticed an eight-headed hydra
 19454 | D:13     | Killed a one-headed hydra
 19475 | D:13     | HP: 4/114 [troll (13)]
 19475 | D:13     | Mangled by a troll

Vault maps used:
D:1:      doesnt_arrival_goblin_jail
D:2:      serial_bayou_pond_a, xom_redecorated
D:3:      nicolae_overflow_hidden_temple, first_bread
D:4:      lemuel_crystal_altar, lemuel_round_altar
D:5:      minitemple
D:6:      uniq_eustachio, uniq_pikel
D:7:      lightli_temple_of_fire, lemuel_round_altar,
          minmay_temple_entry_overgrown, grunt_qazlal_clouds
D:8:      zin_scriptorium, nicolae_overflow_crystal_walls
D:9:      kennysheep_little_box, vehumet_altar_wand_db, hiddenorc2_lemuel,
          nicolae_dithmenos_the_darkroom, uniq_erica
D:10:     serial_shops, kennysheep_mini
D:11:     erik_lair_dragon, grunt_tengu_nest, uniq_fannar
D:12:     enter_trove_0
D:13:     david_vaults_4, uniq_urug, uniq_azrael

Skill      XL: |  1  2  3  4  5  6  7  8  9 10 11 12 |
---------------+-------------------------------------+-----
Long Blades    | 3 4 5 6 7 8 |  8.2
Dodging        | 3 4 5 |  5.6
Fighting       | 4 7 8 9 |  9.3
Armour         | 2 4 6 |  6.0
Evocations     | 1 |  1.9
Air Magic      | 4 9 |  9.2
Poison Magic   | 2 3 |  3.1
Spellcasting   | 5 6 7 |  7.5
Summonings     | 2 |  2.5
Throwing       | |  1.7

Action                   |  1- 3 |  4- 6 |  7- 9 | 10-12 || total
-------------------------+-------+-------+-------+-------++-------
Melee: Long sword        |   108 |   173 |   429 |       ||   710
       Scimitar          |       |       |    71 |   237 ||   308
       Falchion          |       |       |       |    63 ||    63
Throw: Stone             |     6 |     7 |       |       ||    13
       Javelin           |     2 |     7 |     7 |     1 ||    17
       Tomahawk          |       |    35 |    38 |     5 ||    78
       Throwing net      |       |       |     1 |       ||     1
 Cast: Poisonous Vapours |       |       |     1 |   326 ||   327
       Shock             |       |       |       |    44 ||    44
       Swiftness         |       |       |       |     2 ||     2
       Sticks to Snakes  |       |       |       |     1 ||     1
Evoke: Wand              |       |       |       |     7 ||     7
  Use: Scroll            |       |     8 |     6 |     5 ||    19
       Potion            |       |     3 |     1 |     6 ||    10
 Stab: Sleeping          |     4 |       |     1 |     1 ||     6
       Held in net/web   |       |       |     2 |       ||     2
       Distracted        |       |       |     2 |     1 ||     3
       Confused          |       |       |       |     4 ||     4
  Eat: Chunk             |     3 |    10 |    18 |    42 ||    73
       Meat ration       |       |     1 |     2 |       ||     3
       Royal jelly       |       |       |     2 |       ||     2
       Fruit             |       |       |       |     2 ||     2
Armor: Leather armour    |     5 |       |       |       ||     5
       Ring mail         |    37 |    41 |   182 |    46 ||   306
       Robe              |       |       |       |    82 ||    82
Dodge: Dodged            |    70 |   108 |   380 |   361 ||   919
       Rpst.: Long sword |    18 |    34 |   108 |       ||   160
       Scimitar          |       |       |    13 |    66 ||    79
       Falchion          |       |       |       |    25 ||    25
